Map: Acid Plant LE

Players

Raze

  • Race: Protoss Protoss
  • League: Master
  • Spawn Location: 11:00

Dolan - Winner!

  • Race: Terran Terran
  • League: Grandmaster
  • Spawn Location: 5:00

Event: WCS Montreal 2018

VOD

Have the link to the VOD?

Description

Time

  • Played on: Sept. 7, 2018, 4 p.m.
  • Length: 7:12

All games in this series

Show
View Real Time Build Order
Export as new Build Order

Raze Protoss 

Build Orders:  

Get SALT Encoding   

  12  0:00  Probe  
  13  0:13  Probe  
  14  0:17  Pylon  
  14  0:23  Probe  
  15  0:31  Probe  
  16  0:37  Gateway  
  16  0:39  Probe  
  16  0:46  Assimilator  
  17  0:51  Probe  
  18  1:03  Probe  
  19  1:15  Probe  
  20  1:24  Probe  
  20  1:26  Pylon  
  20  1:28  Cybernetics Core  
  20  1:29  Assimilator  
  20  1:32  Probe  
  22  1:42  Probe  
  23  1:54  Probe  
  23  1:55  Adept  
  24  2:07  Probe  
  27  2:08  Robotics Facility  
  27  2:11  Pylon  
  27  2:15  Warp Gate  
  27  2:20  Probe  
  27  2:31  Stalker  
  28  2:54  Immortal  
  32  3:09  Nexus  
  32  3:11  Probe  
  33  3:24  Probe  
  34  3:31  Immortal  
  38  3:34  Pylon  
  38  3:48  Probe  
  39  3:52  Stalker  
  41  3:59  Warp Prism  
  41  4:00  Probe  
  41  4:11  Shield Battery  
  41  4:14  Probe  
  44  4:28  Probe x2  
  46  4:35  Stalker  
  46  4:38  Shield Battery  
  48  4:42  Immortal, Shield Battery  
  52  5:00  Stalker  
  52  5:02  Pylon  
  54  5:13  Pylon  
  54  5:18  Gateway  
  54  5:19  Gateway  
  54  5:38  Immortal  
  54  5:39  Stalker  
  52  5:57  Pylon  
  52  6:04  Pylon  
  52  6:09  Pylon  
  52  6:16  Cybernetics Core  
  52  6:34  Zealot  
  52  6:46  Gateway  
  50  6:49  Pylon  
  49  7:00  Stalker  
  49  7:01  Stalker  
Show
View Real Time Build Order
Export as new Build Order

Dolan Terran - Winner!

Build Orders: Cyclone Opening 

Get SALT Encoding   

  12  0:00  SCV  
  13  0:12  SCV  
  14  0:18  Supply Depot  
  14  0:24  SCV  
  15  0:39  SCV  
  15  0:40  Barracks  
  16  0:46  Refinery  
  16  0:51  SCV  
  16  0:55  Refinery  
  17  1:04  SCV  
  18  1:16  SCV  
  19  1:26  Reaper  
  19  1:28  Orbital Command  
  20  1:33  Supply Depot  
  20  1:43  Factory  
  20  1:53  SCV  
  21  1:58  Barracks Reactor  
  21  2:05  Supply Depot  
  21  2:07  Supply Depot  
  21  2:10  SCV  
  22  2:26  SCV  
  23  2:34  Cyclone  
  23  2:36  Starport  
  26  2:37  Marine  
  26  2:38  Marine  
  26  2:42  SCV  
  29  2:59  SCV  
  29  3:00  Marine x2  
  32  3:10  Supply Depot  
  32  3:12  SCV  
  33  3:14  Medivac  
  33  3:15  Factory Tech Lab  
  33  3:18  Marine x2  
  37  3:29  Liberator  
  37  3:33  Siege Tank, Supply Depot  
  40  3:36  Marine x2  
  42  3:42  SCV  
  46  4:06  Marine x2, Siege Tank  
  51  4:11  SCV, Supply Depot  
  52  4:24  Marine x2  
  57  4:38  Siege Tank  
  57  4:47  Liberator  
  57  4:58  Bunker  
  57  5:02  Marine x2  
  62  5:08  Supply Depot  
  59  5:20  Marine x2  
  60  5:38  Marine x2  
  62  5:46  Siege Tank  
  62  5:56  Marine x2  
  64  6:01  Liberator  
  64  6:14  Marine x2  
  67  6:18  Siege Tank  
  70  6:29  SCV  
  71  6:33  Barracks  
  71  6:34  Barracks  
  71  6:55  SCV  
Tags
 
Add a new tag
Caveats
  • Supply blocks, unpowered buildings, or Contaminate may cause inaccurate times.
  • Supply counts are checked every 10 seconds.